 Dungeon Crawl Stone Soup version 0.25.0-11-g1f837a76a1 (console) character file.

Game seed: 10137327999232322612

313 Garrluk the Slasher (level 6, -6/47 HPs)
             Began as a Formicid Fighter on June 26, 2020.
             Was an Initiate of Qazlal.
             Mangled by a gnoll
             ... wielding a +0 halberd
              (10 damage)
             ... on level 4 of the Dungeon.
             The game lasted 00:08:56 (1694 turns).

Garrluk the Slasher (Formicid Fighter)              Turns: 1694, Time: 00:08:57

Health: -6/47      AC:  9    Str: 21 (22) XL:     6   Next: 71%
Magic:  15/15      EV:  7    Int:  7 (8)  God:    Qazlal [......]
Gold:   121        SH:  9    Dex:  7 (10) Spells: 5/5 levels left

rFire    . . .     SeeInvis +   i - +2 short sword (elec)
rCold    . . .     Gourm    .   c - +0 kite shield
rNeg     . . .     Faith    .   b - +0 scale mail
rPois    .         Spirit   .   (helmet unavailable)
rElec    .         Reflect  .   h - +0 cloak
rCorr    .         Harm     .   q - +0 pair of gloves
MR       .....                  (no boots)
Stlth    ..........             (no amulet)
HPRegen  0.15/turn              k - ring of attention (curse)
MPRegen  0.14/turn              v - ring of magical power

@: lethally poisoned (-6 -> -19)
A: permanent stasis, dig shafts and tunnels, four strong arms, antennae 3
a: Dig, Shaft Self, Renounce Religion


You were on level 4 of the Dungeon.
You worshipped Qazlal.
Qazlal was noncommittal.
You were hungry.

You visited 2 branches of the dungeon, and saw 5 of its levels.

You collected 121 gold pieces.

Inventory:

Hand Weapons
 a - a +0 long sword
 i - a +2 short sword of electrocution (weapon)
Missiles
 j - 3 curare-tipped darts (quivered)
Armour
 b - a +0 scale mail (worn)
 c - a +0 kite shield (worn)
 h - a +0 cloak (worn)
 q - a +0 pair of gloves (worn)
Jewellery
 k - a cursed ring of attention (left hand)
 r - an uncursed amulet of faith
 v - a ring of magical power (right hand)
Scrolls
 e - 2 scrolls of identify {unknown}
 l - a scroll of remove curse {unknown}
 m - a scroll of enchant armour {unknown}
 n - a scroll of noise {unknown}
 p - a scroll of enchant weapon {unknown}
 s - a scroll of blinking {unknown}
Potions
 d - 2 potions of might
 u - a potion of cancellation
Comestibles
 f - 5 rations
 g - 3 chunks of flesh


   Skills:
 - Level 3.2 Fighting
 * Level 6.6 Long Blades
 - Level 3.2 Armour
 - Level 3.6 Shields


You had 5 spell levels left.
You didn't know any spells.
Your spell library was empty.

Dungeon Overview and Level Annotations

Branches:
Dungeon (4/15)             Temple (1/1) D:4

Altars:
Elyvilon
Gozag
Hepliaklqana
Nemelex Xobeh
Qazlal
Sif Muna
Uskayaw
Vehumet
Wu Jian
Yredelemnul


Innate Abilities, Weirdness & Mutations

You cannot be hasted, slowed, berserked, paralysed or teleported.
You can dig through walls and to a lower floor.
Your four strong arms can wield two-handed weapons with a shield.
You have a pair of large antennae on your head. (SInv)


Message History

You feel sick.
You barely miss the gnoll.
You feel sick. You block the gnoll's attack.
It was a potion of cancellation.
You feel magically purged.
You feel sick. You block the gnoll's attack.
It was a potion of haste.
Your stasis prevents you from being hasted.
You feel sick. The gnoll barely misses you.
It was a potion of degeneration.
There was something very wrong with that liquid.
You feel weakened.
You feel dopey.
You feel clumsy.
* * * LOW HITPOINT WARNING * * *
You feel sick.
You closely miss the gnoll.
* * * LOW HITPOINT WARNING * * *
You feel sick. The gnoll hits you with a +0 halberd!
* * * LOW HITPOINT WARNING * * *
You puncture the gnoll!
The gnoll is severely wounded.
* * * LOW HITPOINT WARNING * * *
You feel sick. The gnoll hits you with a +0 halberd!
You die...

#. {{ #.## ##..#
...# ## #..# #..
#..#
#..######..####
#...........#@#
#.###.#.#..#g##
####...g{#....###
........gg....#
...#....##....#
...#[##.....##.#
##.......##.# .#
...##..#....# ..
.#.....#.##.# #..
.#.##.......# ...
......##.#..#


You could see a gnoll.

Vanquished Creatures
  An orc priest (D:4)
  4 orc wizards
  An iguana (D:4)
  A worker ant (D:4)
  5 adders
  3 gnolls
  A worm (D:3)
  3 leopard geckos
  8 orcs
  4 giant cockroaches
  7 goblins
  4 kobolds
  2 quokkas
  3 bats
  3 frilled lizards
  3 rats
53 creatures vanquished.

Notes
Turn   | Place    | Note
-------+----------+-------------------------------------------
     0 | D:1      | Garrluk the Formicid Fighter began the quest for the Orb.
     0 | D:1      | Reached XP level 1. HP: 18/18 MP: 1/1
   202 | D:1      | Reached XP level 2. HP: 21/24 MP: 2/2
   330 | D:2      | Found a radiant altar of Vehumet.
   362 | D:2      | Reached skill level 3 in Long Blades
   378 | D:2      | Reached XP level 3. HP: 19/29 MP: 3/3
   598 | D:2      | Reached skill level 4 in Long Blades
   598 | D:2      | Reached XP level 4. HP: 28/35 MP: 4/4
  1229 | D:3      | Reached XP level 5. HP: 38/41 MP: 5/5
  1334 | D:4      | Reached skill level 5 in Long Blades
  1396 | D:4      | Reached XP level 6. HP: 45/47 MP: 6/6
  1401 | D:4      | Reached skill level 6 in Long Blades
  1438 | D:4      | Found a staircase to the Ecumenical Temple.
  1446 | Temple   | Entered the Ecumenical Temple
  1505 | Temple   | Became a worshipper of Qazlal Stormbringer
  1694 | D:4      | Mangled by a gnoll

Illustrated notes

Levels and vault maps discovered:
D:1:      dpeg_arrival_line_fractal, layout_loops_corners
D:2:      layout_basic, vehumet_crystals, minmay_tetromino_l2
D:3:      lemuel_upstairs_altar, layout_loops_ring, ebering_ghost_rock_garden
D:4:      layout_cave_pods, grunt_temple_overflow_growth_and_decay,
          minmay_temple_entry_ruins, gup_sewer_entry_bowl, first_ration,
          grunt_qazlal_sundering
Temple:   nicolae_temple_figure_zero

Skill      XL: |  1  2  3  4  5  6 |
---------------+-------------------+-----
Long Blades    | 3 4 5 6 |  6.6
Fighting       | |  3.2
Armour         | |  3.2
Shields        | |  3.6

Action                   |  1- 3 |  4- 6 || total
-------------------------+-------+-------++-------
Melee: Long sword        |    15 |       ||    15
       Short sword       |    48 |   113 ||   161
Throw: Dart              |     6 |       ||     6
 Abil: Dig               |    24 |    26 ||    50
  Use: Potion            |       |     3 ||     3
  Eat: Chunk             |     1 |     6 ||     7
Armor: Scale mail        |    21 |    31 ||    52
Dodge: Dodged            |    15 |    31 ||    46
Block: Kite shield       |    23 |    40 ||    63
       Rpst.: Long sword |     4 |       ||     4
